 Dungeon Crawl Stone Soup version 0.30.1-4-g462c640d31 (webtiles) character file.

Game seed: 17571723681534005590

17297 ANON1729 the Fighter (level 12, -8/110 HPs)
             Began as a Minotaur Monk on Aug 10, 2023.
             Was the Champion of Jiyva.
             Mangled by a harpy simulacrum (11 damage)
             ... in an ice cave.
             The game lasted 00:06:49 (8132 turns).

ANON1729 the Fighter (Minotaur Monk)                Turns: 8132, Time: 00:06:49

Health: -8/110     AC: 19    Str: 17    XL:     12   Next: 17%
Magic:  19/23      EV: 23    Int:  7    God:    Jiyva [******]
Gold:   333        SH:  0    Dex: 17    Spells: 11/11 levels left

rFire   . . .        C - +3 dagger (venom)
rCold   . . .        d - orb {light}
rNeg    . . .        A - +2 robe of Tuisol {rElec}
rPois   .            (helmet restricted)
rElec   +            E - +0 cloak
rCorr   +            D - +1 pair of gloves "Haorotue" {Stlth+}
SInv    .            r - +0 pair of boots
Will    .....        p - amulet of regeneration
Stlth   +            u - +5 ring of evasion
HPRegen 2.78/turn    F - +4 ring of protection
MPRegen 0.68/turn

%: clarity
@: slimy, slowed, glowing, very slow
A: horns 2, retaliatory headbutt, iridescent scales 3, clarity, high MP 3,
pseudopods 2, evolution 1
a: Renounce Religion, Oozemancy, Slimify


You were in an ice cave.
You worshipped Jiyva.
Jiyva was exalted by your worship.
You visited 3 branches of the dungeon, and saw 12 of its levels.
You also visited: Ossuary and Ice Cave.

You collected 463 gold pieces.
You spent 130 gold pieces at shops.

Inventory:

Hand Weapons
 a - a +0 short sword
 z - a +0 dagger of draining
 C - a +3 dagger of venom (weapon)
Missiles
 n - 6 poisoned darts (quivered)
 t - 5 throwing nets
Armour
 d - an orb of light (worn)
 q - a +0 tower shield
 r - a +0 pair of boots (worn)
 A - the +2 robe of Tuisol (worn) {rElec}
   (You found it on level 4 of the Dungeon)

   rElec:     It insulates you from electricity.
 D - the +1 pair of gloves "Haorotue" (worn) {Stlth+}
   (You found it on level 6 of the Dungeon)

   Stlth:     It makes you more stealthy.
 E - a +0 cloak (worn)
Jewellery
 i - a ring of poison resistance
 j - a ring of positive energy
 m - a ring of flight
 p - an amulet of regeneration (around neck)
 u - a +5 ring of evasion (left hand)
 F - a +4 ring of protection (right hand)
Wands
 b - a wand of flame (3)
 G - a wand of paralysis (4)
 J - a wand of mindburst (18)
Scrolls
 e - a scroll of vulnerability
 k - 2 scrolls of immolation
 l - 2 scrolls of fog
 o - a scroll of brand weapon
 s - 2 scrolls of teleportation
 v - a scroll of magic mapping
 y - a scroll of torment
 L - a scroll of amnesia
Potions
 c - 2 potions of ambrosia
 f - a potion of might {unknown}
 g - a potion of berserk rage {unknown}
 h - 2 potions of lignification
 w - 2 potions of brilliance
 x - a potion of heal wounds {unknown}
 B - a potion of degeneration {unknown}
 H - 3 potions of curing {unknown}
 I - a potion of resistance {unknown}
 K - a potion of mutation {unknown}
 O - a potion of haste {unknown}
Miscellaneous
 M - a lightning rod (4/4)
 N - a box of beasts


   Skills:
 + Level 11.4 Fighting
 + Level 10.5 Short Blades
 + Level 10.8 Armour
 + Level 10.5 Dodging
 + Level 9.1 Invocations


You had 11 spell levels left.
You didn't know any spells.
Your spell library contained the following spells:

 Spells                   Type           Power      Damage    Failure   Level
 Beastly Appendage        Tmut           0%         N/A       43%         1
 Wereblood                Tmut           0%         N/A       56%         2
 Hailstorm                Conj/Ice       0%         3d3       80%         3
 Spider Form              Tmut/Pois      0%         N/A       80%         3
 Tukima's Dance           Hex            0%         N/A       80%         3
 Ice Form                 Ice/Tmut       0%         N/A       99%         4
 Passage of Golubria      Tloc           0%         N/A       99%         4
 Yara's Violent Unravell  Hex/Tmut       0%         3d3       100%        5
 Simulacrum               Ice/Necr       0%         N/A       100%        6


Dungeon Overview and Level Annotations

Branches:
Dungeon (10/15)            Temple (1/1) D:4            Lair (1/5) D:10
    Orc (0/2) D:10        Ossuary (visited)           IceCv (1/1)

Altars:
Ashenzari
Cheibriados
Dithmenos
Elyvilon
Fedhas
Gozag
Hepliaklqana
Kikubaaqudgha
Makhleb
Nemelex Xobeh
Okawaru
Qazlal
Ru
Sif Muna
Trog
Uskayaw
Vehumet
Wu Jian
Xom
Yredelemnul
Zin
The Shining One
Jiyva

Shops:
D:4 [(   D:7 =

Annotations:
D:9 2 transporters, Plommelars's ghost, novice MiBe


Innate Abilities, Weirdness & Mutations

You have a pair of horns on your head.
You reflexively headbutt those who attack you in melee.
You are completely covered in iridescent scales. (AC +6)
You possess an exceptional clarity of mind.
You have a greatly increased reservoir of magic. (+30% MP)
Armour fits poorly on your large pseudopods.
You have hidden genetic potential.


Message History

The harpy simulacrum misses you. The harpy simulacrum barely misses you.
The ice devil hits you. The ice devil freezes you!
You hit the ice devil but do no damage.
The ice devil looks as sick as possible!
The ice devil is lightly wounded.
The harpy simulacrum completely misses you.
The harpy simulacrum claws you but does no damage.
The harpy simulacrum claws you. The harpy simulacrum freezes you!
The harpy simulacrum claws you. The harpy simulacrum freezes you!
The ice devil misses you.
You are too injured to fight recklessly!
You are too injured to fight recklessly!
You are too injured to fight recklessly!
You are too injured to fight recklessly!
You are too injured to fight recklessly!
You are too injured to fight recklessly!
You are too injured to fight recklessly!
You are too injured to fight recklessly!
You are too injured to fight recklessly!
You are too injured to fight recklessly!
You are too injured to fight recklessly!
You are too injured to fight recklessly!
You are too injured to fight recklessly!
You are too injured to fight recklessly!
You are too injured to fight recklessly!
You are too injured to fight recklessly!
You are too injured to fight recklessly!
A thick mucus forms on your +3 dagger of venom.
The harpy simulacrum claws you. The harpy simulacrum freezes you!
* * * LOW HITPOINT WARNING * * *
The harpy simulacrum claws you but does no damage.
The harpy simulacrum claws you!
* * * LOW HITPOINT WARNING * * *
The harpy simulacrum freezes you!
* * * LOW HITPOINT WARNING * * *
The harpy simulacrum claws you but does no damage.
The harpy simulacrum claws you.
* * * LOW HITPOINT WARNING * * *
The harpy simulacrum freezes you!
You die...

##....#####..####.....##
##..###.#..## #......#
#####.....## ##....##
#○.°....# ##...# #
#.....#### ##..## ##
#.#.####.## ##..# ##.
##..###...## #..####..
##.....#..# #...#...#
#....@##..## ##.....##
#...Z4###..# ##...###
#.......# #..## ######.
#........ ##..# ##..
##....... #..## ##...
##......# ##..# ##...#
#......# ##.####...##
##..8#.. #..##...##
##..#..##


You could see an ice devil (extremely poisoned) and a harpy simulacrum.

Vanquished Creatures
  Harold (D:9)
  2 boulder beetles
  A centaur warrior (D:8)
  A two-headed ogre (D:9)
  A deep elf pyromancer (D:8)
  A manticore (D:8)
  An ugly thing (IceCv)
  2 gargoyles
  A cane toad (Lair:1)
  2 freezing wraiths (IceCv)
  An unseen horror (D:8)
  A rime drake (Lair:1)
  2 komodo dragons (Lair:1)
  A troll (D:9)
  An anaconda simulacrum (IceCv)
  A hornet (D:8)
  Prince Ribbit (D:5)
  9 blink frogs (Lair:1)
  Sigmund (D:5)
  A shadow (D:10)
  Eustachio (D:6)
  2 wraiths
  9 yaks
  A basilisk (Lair:1)
  A steam dragon (D:6)
  2 death yak simulacra (IceCv)
  7 vampire mosquitoes
  Menkaure (D:6)
  Duvessa (D:4)
  A water moccasin (D:5)
  An orc warrior (D:10)
  4 black bears
  An ice beast (D:7)
  A sky beast (D:7)
  An ogre (D:6)
  A phantom (D:7)
  4 centaurs
  4 bullfrogs
  4 cane toad simulacra (IceCv)
  5 scorpions
  4 water moccasin zombies (Ossuary)
  10 wights
  Dowan (D:4)
  4 killer bees (D:8)
  6 howler monkeys
  2 elephant simulacra (IceCv)
  4 electric eels (D:10)
  A hound (D:6)
  8 orc priests
  2 iguanas
  6 orc wizards
  A troll simulacrum (IceCv)
  A spriggan simulacrum (IceCv)
  6 adders
  5 gnolls
  2 shadow imps (D:6)
  A white imp (IceCv)
  An ufetubus (IceCv)
  6 adder zombies (Ossuary)
  3 worms
  2 dart slugs
  60 orcs
  5 ball pythons
  A bat zombie (D:4)
  3 endoplasms (D:1)
  3 giant cockroaches
  4 gnoll zombies (Ossuary)
  8 goblins
  8 hobgoblins
  2 jackals (D:4)
  2 quokkas (D:1)
  5 bats
  4 frilled lizards
  4 hobgoblin zombies (Ossuary)
  8 kobolds
  5 kobold zombies (Ossuary)
  3 orc zombies (Ossuary)
  3 rats
  2 rat zombies (D:4)
290 creatures vanquished.

Vanquished Creatures (collateral kills)
  A rime drake (Lair:1)
  A dire elephant simulacrum (IceCv)
  A polar bear simulacrum (IceCv)
  2 spriggan simulacra (IceCv)
5 creatures vanquished.

Vanquished Creatures (others)
  An ugly thing (D:8)
  A tengu conjurer (D:8)
  A wraith (D:8)
  A water moccasin (Lair:1)
  An orc warrior (D:10)
  2 wights (D:5)
  An electric eel (D:10)
  11 jellies
  An orc priest (D:3)
  Robin (D:3)
  2 mummies (Ossuary)
  2 gnolls (D:5)
  An adder (D:6)
  A shadow imp (D:7)
  An adder zombie (Ossuary)
  A worm (D:2)
  2 orcs
  3 endoplasms (D:4)
  A gnoll zombie (Ossuary)
  15 goblins
  2 hobgoblins
  A quokka (D:2)
  A kobold (D:2)
  2 kobold zombies (Ossuary)
  2 rats (D:2)
58 creatures vanquished.

Grand Total: 353 creatures vanquished

Notes
Turn   | Place    | Note
-------+----------+-------------------------------------------
     0 | D:1      | ANON1729 the Minotaur Monk began the quest for the Orb.
     0 | D:1      | Reached XP level 1. HP: 19/19 MP: 0/0
     6 | D:1      | Noticed a lindwurm
     6 | D:1      | Noticed a snapping turtle
     6 | D:1      | Noticed a water moccasin
     7 | D:1      | Noticed a swamp drake
     7 | D:1      | Noticed a hog
   200 | D:1      | Reached XP level 2. HP: 27/27 MP: 1/1
   232 | D:1      | Found a faded altar of an unknown god.
   457 | D:1      | Reached skill level 1 in Armour
   707 | D:1      | Prayed at the altar of an unknown god.
   707 | D:1      | Became a worshipper of Jiyva Jetoviw the Shapeless
   707 | D:1      | Reached * piety under Jiyva
   707 | D:1      | Reached ** piety under Jiyva
   882 | D:2      | Reached skill level 4 in Fighting
   882 | D:2      | Reached skill level 1 in Invocations
   882 | D:2      | Reached XP level 3. HP: 33/33 MP: 2/2
   886 | D:2      | Reached *** piety under Jiyva
  1189 | D:2      | Gained mutation: You have a small jelly attached to you
                  | that may absorb projectiles. [Jiyva's grace]
  1189 | D:2      | Gained mutation: You are covered in slimy tendrils that may
                  | disarm your opponents. [Jiyva's grace]
  1189 | D:2      | Gained mutation: You have a small jelly attached to you
                  | that senses nearby items. [Jiyva's grace]
  1189 | D:2      | Gained mutation: You are strong-willed. (Will+) [Jiyva's
                  | grace]
  1479 | D:3      | Reached XP level 4. HP: 40/40 MP: 4/4
  1535 | D:3      | Found a radiant altar of Vehumet.
  1543 | D:3      | Found a shimmering blue altar of Sif Muna.
  1585 | D:3      | Killed Robin
  2021 | D:4      | Reached **** piety under Jiyva
  2038 | D:4      | Reached XP level 5. HP: 47/47 MP: 5/5
  2217 | D:4      | Found an ancient bone altar of Kikubaaqudgha.
  2405 | D:4      | Found Junejone's Antique Armour Emporium.
  2430 | D:4      | Found a blossoming altar of Fedhas.
  2564 | D:4      | Reached XP level 6. HP: 55/55 MP: 6/6
  2580 | D:4      | Identified the +2 robe of Tuisol {rElec}
  2614 | D:4      | Found a staircase to the Ecumenical Temple.
  2737 | D:4      | Found Ryck's Antique Weapon Emporium.
  2742 | D:4      | Bought a glowing dagger for 130 gold pieces
  2809 | Temple   | Entered the Ecumenical Temple
  2872 | D:5      | Entered Level 5 of the Dungeon
  2872 | D:5      | Noticed Duvessa
  2872 | D:5      | Noticed Dowan
  2872 | D:5      | Noticed a water moccasin
  2873 | D:5      | Noticed Prince Ribbit
  2881 | D:5      | Killed a water moccasin
  2882 | D:5      | Reached skill level 5 in Fighting
  2908 | D:4      | Killed Duvessa
  2909 | D:4      | Reached XP level 7. HP: 61/61 MP: 8/8
  2911 | D:4      | Killed Dowan
  2912 | D:4      | Reached skill level 5 in Dodging
  2939 | D:5      | Killed Prince Ribbit
  2940 | D:5      | Reached skill level 5 in Short Blades
  2969 | D:5      | Reached skill level 6 in Fighting
  2998 | D:5      | Reached ***** piety under Jiyva
  3241 | D:5      | Gained mutation: You are resistant to electric shocks.
                  | (rElec) [Jiyva's grace]
  3241 | D:5      | Gained mutation: Armour fits poorly on your pseudopods.
                  | [Jiyva's grace]
  3241 | D:5      | Gained mutation: Armour fits poorly on your large
                  | pseudopods. [Jiyva's grace]
  3241 | D:5      | Gained mutation: Armour fits poorly on your massive
                  | pseudopods. [Jiyva's grace]
  3250 | D:5      | Reached XP level 8. HP: 70/70 MP: 9/9
  3256 | D:5      | Noticed Sigmund
  3265 | D:5      | Killed Sigmund
  3323 | D:5      | Reached skill level 5 in Armour
  3467 | D:6      | Identified the +1 pair of gloves "Haorotue" {Stlth+}
  3492 | D:6      | Found a sand-covered staircase.
  3675 | Ossuary  | Entered an ossuary
  3695 | Ossuary  | Reached skill level 7 in Fighting
  3736 | Ossuary  | Reached skill level 5 in Invocations
  3934 | D:6      | Found a snail-covered altar of Cheibriados.
  3946 | D:6      | Noticed Eustachio
  3962 | D:6      | Killed Eustachio
  3963 | D:6      | Reached XP level 9. HP: 79/79 MP: 11/11
  3981 | D:6      | Noticed Menkaure
  3987 | D:6      | Killed Menkaure
  4095 | D:6      | Found a broken altar of Ashenzari.
  4221 | D:6      | Found a glowing silver altar of Zin.
  4442 | D:7      | Found Morraj's Jewellery Shop.
  4714 | D:7      | Reached skill level 8 in Fighting
  4808 | D:7      | Found a sparkling altar of Nemelex Xobeh.
  4978 | D:8      | Reached ****** piety under Jiyva
  5044 | D:8      | Identified the +1 mace of Terror {heavy, Str+4}
  5111 | D:8      | Noticed a gargoyle
  5122 | D:8      | Killed a gargoyle
  5135 | D:8      | Reached XP level 10. HP: 84/90 MP: 13/13
  5178 | D:8      | Found a shimmering altar of Xom.
  5313 | D:8      | Lost mutation: You are strong-willed. (Will+) [Jiyva's
                  | grace]
  5313 | D:8      | Lost mutation: You are resistant to electric shocks.
                  | (rElec) [Jiyva's grace]
  5313 | D:8      | Lost mutation: You have a small jelly attached to you that
                  | senses nearby items. [Jiyva's grace]
  5313 | D:8      | Lost mutation: You have a small jelly attached to you that
                  | may absorb projectiles. [Jiyva's grace]
  5313 | D:8      | Gained mutation: You possess an exceptional clarity of
                  | mind. [Jiyva's grace]
  5313 | D:8      | Gained mutation: You have an increased reservoir of magic.
                  | (+10% MP) [Jiyva's grace]
  5313 | D:8      | Gained mutation: You have a considerably increased
                  | reservoir of magic. (+20% MP) [Jiyva's grace]
  5313 | D:8      | Gained mutation: You have a greatly increased reservoir of
                  | magic. (+30% MP) [Jiyva's grace]
  5325 | D:8      | Noticed a skeletal warrior
  5338 | D:8      | Slimified a skeletal warrior
  5338 | D:8      | a skeletal warrior changed into an acid blob
  5338 | D:8      | Noticed an acid blob
  5350 | D:8      | Noticed a centaur warrior
  5364 | D:8      | Killed a centaur warrior
  5365 | D:8      | Reached skill level 9 in Fighting
  5373 | D:8      | Noticed a purple ugly thing
  5379 | D:8      | Killed a purple ugly thing
  5526 | D:8      | Noticed a manticore
  5535 | D:8      | Killed a manticore
  5554 | D:8      | Noticed a deep elf pyromancer
  5560 | D:8      | Killed a deep elf pyromancer
  5631 | D:8      | Noticed a boulder beetle
  5650 | D:8      | Killed a boulder beetle
  5981 | D:9      | Noticed Harold
  6001 | D:9      | Killed Harold
  6002 | D:9      | Reached XP level 11. HP: 91/99 MP: 20/20
  6047 | D:9      | Reached skill level 10 in Fighting
  6051 | D:9      | Noticed a two-headed ogre
  6062 | D:9      | Killed a two-headed ogre
  6108 | D:9      | Noticed a two-headed ogre
  6302 | D:9      | Found a transporter.
  6305 | D:9      | Noticed a two-headed ogre
  6315 | D:9      | Identified the +3 great mace "Fefotwos" {drain, *Rage
                  | Dex+5}
  6315 | D:9      | Noticed a two-headed ogre
  6318 | D:9      | Noticed a two-headed ogre
  6319 | D:9      | Noticed Plommelars's ghost (novice MiBe)
  6323 | D:9      | Found a transporter.
  6478 | D:9      | Found a stormy altar of Qazlal.
  6577 | D:10     | Entered Level 10 of the Dungeon
  6659 | D:10     | Found a staircase to the Lair.
  6695 | D:10     | Found a staircase to the Orcish Mines.
  6788 | D:10     | Lost mutation: Armour fits poorly on your massive
                  | pseudopods. [Jiyva's grace]
  6788 | D:10     | Lost mutation: You are covered in slimy tendrils that may
                  | disarm your opponents. [Jiyva's grace]
  6788 | D:10     | Gained mutation: You are partially covered in iridescent
                  | scales. (AC +2) [Jiyva's grace]
  6788 | D:10     | Gained mutation: You are mostly covered in iridescent
                  | scales. (AC +4) [Jiyva's grace]
  6788 | D:10     | Gained mutation: You are completely covered in iridescent
                  | scales. (AC +6) [Jiyva's grace]
  6788 | D:10     | Gained mutation: You have hidden genetic potential.
                  | [Jiyva's grace]
  7005 | D:10     | Found an ornate altar of the Wu Jian Council.
  7103 | D:10     | Found a flagged portal.
  7433 | Lair:1   | Entered Level 1 of the Lair of Beasts
  7567 | Lair:1   | Noticed a boulder beetle
  7584 | Lair:1   | Reached skill level 10 in Armour
  7606 | Lair:1   | Killed a boulder beetle
  7607 | Lair:1   | Reached skill level 10 in Dodging
  7646 | Lair:1   | Reached skill level 10 in Short Blades
  7674 | Lair:1   | Reached skill level 11 in Fighting
  7843 | Lair:1   | Reached XP level 12. HP: 107/110 MP: 23/23
  7843 | Lair:1   | Found a frozen archway.
  7891 | IceCv    | Entered an ice cave
  8132 | IceCv    | HP: 3/110 [harpy simulacrum (6)]
  8132 | IceCv    | Mangled by a harpy simulacrum

Illustrated notes

Levels and vault maps discovered:
D:1:      onia_arrival_zoo_common, layout_basic, basic_ecumenical_altar,
          chequers_serial_rivers_micro_a
D:2:      layout_basic
D:3:      layout_loops_ring, mainiacjoe_overflow_catwalk_spiral, uniq_robin
D:4:      layout_layer_cave, lemuel_zombie_altar_kikubaaqudgha, fedhas_altar_2,
          minmay_temple_entry_enclosed_plants, serial_shops,
          kennysheep_little_box, shop, kennysheep_boxes
D:5:      layout_rooms, corexii_item_surrounded_by_moat,
          chequers_serial_rivers_micro_c, uniq_sigmund, uniq_duvessa,
          uniq_prince_ribbit1
D:6:      layout_loops_ring, general_overflow_altar, zin_scriptorium,
          kennysheep_mini, nicolae_ossuary_entry_false_entrances,
          uniq_eustachio, uniq_menkaure
D:7:      layout_loops_ring, nemelex_diamond_rough_becter, serial_shops,
          nicolae_shop_gaudy_bauble
D:8:      layout_basic, mainiacjoe_overflow_small_starburst, minmay_evil_grid
D:9:      layout_cave_pools, nicolae_qazlal_general_emergency,
          gammafunk_ghost_smash, nrook_mini_backslash, uniq_harold
D:10:     layout_small_grid, mainiacjoe_overflow_cross_hatched,
          lair_entry_dummy, hiddenorc2_lemuel, serial_bayou,
          serial_bayou_pond_d, serial_bayou_lake_a, serial_bayou_pond_e,
          serial_bayou_lagoon_a, enter_bailey_3, kennysheep_generic_room_2
Temple:   minmay_freezing_vapour_temple
Lair:1:   layout_misc_corridors, portal_ice_cave_entry_pillars_1
IceCv:    ice_cave_small_necro

Skill      XL: |  1  2  3  4  5  6  7  8  9 10 11 12 |
---------------+-------------------------------------+-----
Armour         | 1 2 3 4 6 7 9 10 | 10.8
Fighting       | 4 5 6 7 8 9 11 | 11.4
Invocations    | 1 2 3 5 6 7 8 9 |  9.1
Short Blades   | 4 5 6 7 9 10 | 10.5
Dodging        | 4 5 6 7 9 10 | 10.5

Action                     |  1- 3 |  4- 6 |  7- 9 | 10-12 || total
---------------------------+-------+-------+-------+-------++-------
  Melee: Short sword       |    80 |   110 |       |       ||   190
         Headbutt          |    19 |    32 |    97 |   198 ||   346
         Dagger            |       |    21 |   275 |   548 ||   844
         Pseudopods        |       |       |    71 |   170 ||   241
 Invoke: Slimify           |       |       |       |     3 ||     3
    Use: Scroll            |       |       |       |    11 ||    11
 Armour: Robe              |     8 |    15 |    33 |    82 ||   138
  Dodge: Dodged            |    52 |   152 |   180 |   423 ||   807
